 Dungeon Crawl Stone Soup version 0.29-a0-231-g945431f764 (webtiles) character file.

Game seed: 14277346284826364277

1600 funkygono the Firebug (level 8, -2/42 HPs)
             Began as a Gargoyle Fire Elementalist on Feb 28, 2022.
             Was a Follower of Vehumet.
             Slain by an orc warrior
             ... wielding a +3 battleaxe
              (9 damage)
             ... on level 6 of the Dungeon.
             The game lasted 00:11:45 (6140 turns).

funkygono the Firebug (Gargoyle Fire Elementalist)  Turns: 6140, Time: 00:11:46

Health: -2/42      AC: 10    Str: 12    XL:     8   Next: 94%
Magic:  14/17      EV: 16    Int: 21    God:    Vehumet [*.....]
Gold:   342        SH:  0    Dex: 10    Spells: 9/20 levels left

rFire   + . .      SeeInvis +   D - +6 mace of the Five Nights {vorpal, rC- Int+3 SInv}
rCold   x x .      Faith    .   (no shield)
rNeg    + . .      Spirit   .   a - +1 robe
rPois   ∞          Reflect  .   (no helmet)
rElec   +          Harm     .   F - +1 cloak
rCorr   .          Rampage  .   (no gloves)
Will    .....                   (no boots)
Stlth   ++........              (no amulet)
HPRegen 0.14/turn               b - +4 ring of evasion
MPRegen 0.15/turn               q - ring of fire

@: no status effects
A: sickness immunity, AC +5, negative energy resistance 1, electricity
resistance, torment resistance 1, petrification resistance
a: Renounce Religion


You were on level 6 of the Dungeon.
You worshipped Vehumet.
Vehumet was aware of your devotion.
You visited 2 branches of the dungeon, and saw 9 of its levels.

You collected 342 gold pieces.

Inventory:

Hand Weapons
 c - a +0 whip
 n - a +1 flail
 D - the +6 mace of the Five Nights (weapon) {vorpal, rC- Int+3 SInv}
   (You found it on level 5 of the Dungeon)

   It inflicts extra damage upon your enemies.
   Int:       It affects your intelligence (+3).
   rC:        It makes you vulnerable to cold.
   SInv:      It lets you see invisible.
 E - a +3 quarterstaff of chaos
Missiles
 e - 221 stones
Armour
 a - a +1 robe (worn)
 F - a +1 cloak (worn)
Jewellery
 b - a +4 ring of evasion (left hand)
 j - a ring of ice
 q - a ring of fire (right hand)
 C - a +4 ring of evasion
Wands
 p - a wand of polymorph (12)
 r - a wand of flame (10)
 s - a wand of iceblast (12)
 y - a wand of mindburst (12)
Scrolls
 f - a scroll of fog
 g - 2 scrolls of identify
 i - 2 scrolls of vulnerability
 u - 2 scrolls of teleportation
Potions
 d - a potion of might
 h - 2 potions of haste
 k - a potion of degeneration {unknown}
 l - 2 potions of resistance
 m - a potion of lignification
 o - 2 potions of curing
 z - a potion of brilliance
 A - 2 potions of ambrosia
 B - a potion of mutation


   Skills:
 + Level 0.3 Fighting
 + Level 0.2 Maces & Flails
 + Level 2.3 Dodging
 - Level 2.1 Stealth
 * Level 6.5 Spellcasting
 * Level 5.4 Conjurations
 * Level 7.0 Fire Magic
 * Level 1.3 Earth Magic


You had 9 spell levels left.
You knew the following spells:

 Your Spells              Type           Power      Damage    Failure   Level
a - Foxfire               Conj/Fire      100%       2x1d9     1%          1
b - Scorch                Fire           100%       2d10      1%          2
c - Conjure Flame         Conj/Fire      49%        6-21      2%          3
d - Flame Wave            Conj/Fire      49%        2d10      7%          4
e - Sandblast             Erth           24%        2d8       5%          1

Your spell library contained the following spells:

 Spells                   Type           Power      Damage    Failure   Level
 Inner Flame              Hex/Fire       32%        N/A       6%          3
 Summon Small Mammal      Summ           24%        N/A       10%         1
 Call Canine Familiar     Summ           6%         N/A       28%         3
 Summon Guardian Golem    Hex/Summ       6%         N/A       28%         3
 Petrify                  Tmut/Erth      9%         N/A       56%         4
 Irradiate                Conj/Tmut      9%         3d16      63%         5
 Sublimation of Blood     Necr           Unusable   N/A       N/A         2

Dungeon Overview and Level Annotations

Branches:
Dungeon (8/15)             Temple (1/1) D:4
   Lair: D:8-11

Altars:
Ashenzari
Cheibriados
Dithmenos
Elyvilon
Fedhas
Gozag
Hepliaklqana
Kikubaaqudgha
Makhleb
Nemelex Xobeh
Okawaru
Qazlal
Ru
Sif Muna
Trog
Uskayaw
Vehumet
Wu Jian
Xom
Yredelemnul
Zin
The Shining One

Portals:
Bailey: D:8

Annotations:
D:5 2 transporters, Hasart's ghost, amateur DgAM


Innate Abilities, Weirdness & Mutations

You are immune to sickness and miasma.
Your stone body is resilient. (AC +5)
You are immune to poison.
You resist negative energy. (rN+)
You are resistant to electric shocks. (rElec)
You are resistant to unholy torment.
You are immune to petrification.


Message History

The orc warrior wields a +3 battleaxe.
The orc warrior misses you.
Casting: Foxfire (safe; 1% risk of failure)
Confirm with . or Enter, or press ? or * to list all spells.
You don't know that spell.
Unknown command.
Casting: Foxfire (safe; 1% risk of failure)
Confirm with . or Enter, or press ? or * to list all spells.
You feel a surge of power!
You conjure some foxfire!
The orc hits you but does no damage.
The orc hits your foxfire with a +2 hand axe of electrocution.
Casting: Foxfire (safe; 1% risk of failure)
Confirm with . or Enter, or press ? or * to list all spells.
You feel a surge of power!
Flames lash the orc warrior.
The orc warrior is moderately wounded.
The orc warrior's fire resistance burns away.
The foxfire hits the orc warrior.
The orc warrior is moderately wounded.
The foxfire hits the orc warrior but does no damage.
The orc warrior is moderately wounded.
The orc warrior hits you with a +3 battleaxe!!
Ouch! That really hurt!
* * * LOW HITPOINT WARNING * * *
The orc hits you but does no damage.
Casting: Scorch (safe; 1% risk of failure)
Confirm with . or Enter, or press ? or * to list all spells.
You feel a surge of power!
You conjure some foxfire!
The orc warrior barely misses you.
The orc warrior closely misses your foxfire.
The orc warrior misses your foxfire. The orc completely misses you.
The orc barely misses your foxfire.
You thump the orc!
You kill the orc!
Vehumet accepts your kill.
You feel your power returning.
The foxfire hits the orc warrior.
The orc warrior is burned terribly!
The orc warrior is heavily wounded.
The foxfire hits the orc warrior but does no damage.
The orc warrior is heavily wounded.
The orc warrior hits you with a +3 battleaxe!
You die...

#... #.....# #.#..#### #..
#.....# #.#....). #.
####.## #.#...### # #.#
#.#...# # #.# #.#...# #
#####.# #.#...# #
.......###########.##..###
........o.)......<..).....
..)......@)....))).......#
)......#####.....)........
....... #.###).)..)..).
####### #.# #.)......).
#.# #.......... #.#
#.....##..# #.#
#.....##... #.#
#.....##.## ...
#..........


You could see an orc warrior (combustible).

Vanquished Creatures
  A troll (D:5)
  2 orc warriors (D:6)
  A sky beast (D:6)
  A black bear (D:4)
  3 ogres
  A phantom (D:4)
  2 lemures (D:7)
  4 wights (D:6)
  3 hounds
  An orc priest (D:7)
  Crazy Yiuf (D:5)
  4 iguanas
  3 orc wizards
  5 adders
  A shadow imp (D:8)
  An ufetubus (D:4)
  2 worms
  A dart slug (D:1)
  18 orcs
  10 ball pythons
  5 endoplasms
  A giant cockroach (D:1)
  11 goblins
  7 hobgoblins
  4 jackals (D:2)
  3 quokkas
  10 bats
  A frilled lizard (D:2)
  13 kobolds
  2 rats
122 creatures vanquished.

Vanquished Creatures (others)
  444 foxfires
444 creatures vanquished.

Grand Total: 566 creatures vanquished

Notes
Turn   | Place    | Note
-------+----------+-------------------------------------------
     0 | D:1      | funkygono the Gargoyle Fire Elementalist began the quest
                  | for the Orb.
     0 | D:1      | Reached XP level 1. HP: 10/10 MP: 3/3
   149 | D:1      | Reached XP level 2. HP: 15/15 MP: 0/5
   152 | D:1      | Learned a level 2 spell: Scorch
   257 | D:1      | Found a faded altar of an unknown god.
  1056 | D:2      | Reached XP level 3. HP: 19/19 MP: 1/6
  1060 | D:2      | Learned a level 3 spell: Conjure Flame
  1665 | D:2      | Reached XP level 4. HP: 24/24 MP: 5/8
  1767 | D:2      | Found an iron altar of Okawaru.
  2776 | D:4      | Noticed a black bear
  2783 | D:4      | Killed a black bear
  2783 | D:4      | Noticed a phantom
  2784 | D:4      | Reached skill level 4 in Fire Magic
  2784 | D:4      | Reached XP level 5. HP: 28/28 MP: 1/10
  2866 | D:4      | Killed a phantom
  2867 | D:4      | Reached XP level 6. HP: 20/32 MP: 4/12
  2872 | D:4      | Learned a level 4 spell: Flame Wave
  3157 | D:4      | Found a staircase to the Ecumenical Temple.
  3166 | Temple   | Entered the Ecumenical Temple
  3197 | Temple   | Became a worshipper of Vehumet
  3830 | D:4      | Reached skill level 5 in Fire Magic
  4034 | D:5      | Entered Level 5 of the Dungeon
  4074 | D:5      | Noticed a troll
  4081 | D:5      | Killed a troll
  4082 | D:5      | Reached skill level 5 in Spellcasting
  4082 | D:5      | Reached XP level 7. HP: 36/36 MP: 5/14
  4261 | D:5      | You fall into a shaft and drop 3 floors!
  4261 | D:8      | Found a flagged portal.
  4384 | D:7      | Reached * piety under Vehumet
  4384 | D:7      | Offered knowledge of Sandblast by Vehumet.
  4826 | D:6      | Reached skill level 6 in Fire Magic
  4826 | D:6      | Reached XP level 8. HP: 42/42 MP: 9/16
  5361 | D:5      | Noticed Hasart's ghost (amateur DgAM)
  5362 | D:5      | Found a transporter.
  5367 | D:5      | Found a transporter.
  5486 | D:5      | Identified the +6 mace of the Five Nights {vorpal, rC-
                  | Int+3 SInv}
  5492 | D:5      | Found a runed translucent door.
  5493 | D:5      | Noticed Crazy Yiuf
  5499 | D:5      | Killed Crazy Yiuf
  5626 | D:5      | Learned a level 1 spell: Sandblast
  5742 | D:6      | Reached skill level 5 in Conjurations
  5960 | D:6      | Reached skill level 1 in Earth Magic
  5962 | D:6      | Reached skill level 7 in Fire Magic
  6140 | D:6      | Slain by an orc warrior

Illustrated notes

Levels and vault maps discovered:
D:1:      lightli_molten_gateway, layout_basic,
          shapermc_ecumenical_altar_totnotflames,
          hangedman_abyss_or_decor_lesser_grid
D:2:      layout_loops_cross, basic_altar, minmay_misc_feat_tiny,
          minmay_tetromino_l2
D:3:      layout_basic
D:4:      layout_cave_pools, minmay_temple_entry_stoned_glass,
          serial_column_ruins, column_ruins_hut, column_ruins_open_tiny,
          column_ruins_grid_2, column_ruins_columns_straight,
          column_ruins_grid_3, column_ruins_open_medium, st_stairs_12
D:5:      layout_rooms, gammafunk_ghost_hive, uniq_crazy_yiuf_cottage
D:6:      layout_basic, gup_ossuary_entry_pyramid
D:7:      layout_basic, uniq_pikel
D:8:      layout_rooms, enter_bailey_3
Temple:   minmay_crystal_snake_temple

Skill      XL: |  1  2  3  4  5  6  7  8 |
---------------+-------------------------+-----
Spellcasting   | 3 4 5 6 |  6.5
Conjurations   | 2 3 4 5 |  5.4
Fire Magic     | 4 5 6 7 |  7.0
Dodging        | 2 |  2.3
Earth Magic    | 1 |  1.3
Fighting       | |  0.3
Maces & Flails | |  0.2
Stealth        | |  2.1

Action                   |  1- 3 |  4- 6 |  7- 9 || total
-------------------------+-------+-------+-------++-------
Melee: Club              |     1 |       |       ||     1
       Flail             |       |     1 |     5 ||     6
       Mace              |       |       |     5 ||     5
 Cast: Foxfire           |    50 |    99 |   113 ||   262
       Scorch            |     6 |     9 |    23 ||    38
       Sandblast         |       |       |     1 ||     1
       Flame Wave        |       |       |     1 ||     1
  Use: Scroll            |       |       |    17 ||    17
       Potion            |       |       |     1 ||     1
Armor: Robe              |     1 |     1 |    18 ||    20
Dodge: Dodged            |     5 |     6 |    58 ||    69

Table legend: (Time is in decaauts)
 A = Elapsed time spent in this place.
 B = Non-inter-level travel time spent in this place.
 C = Inter-level travel time spent in this place.
 D = Time resting spent in this place.
 E = Time spent auto-exploring this place.
 F = Levels seen in this place.
 G = Mean time per level.
                   A        B        C        D        E       F      G
               +--------+--------+--------+--------+--------+-----+--------+
         Total |   6142 |   5988 |    154 |    695 |   4365 |   9 |  682.4 |
       Dungeon |   5929 |   5812 |    117 |    695 |   4211 |   8 |  741.1 |
        Temple |    212 |    176 |     36 |      0 |    154 |   1 |  212.0 |
               +--------+--------+--------+--------+--------+-----+--------+

Top non-repeatable levels by time:
     D:2: 1113 daAuts
     D:4: 1022 daAuts
     D:1: 942 daAuts
     D:5: 840 daAuts
     D:3: 740 daAuts
     D:6: 713 daAuts
     D:7: 447 daAuts
  Temple: 212 daAuts
     D:8: 108 daAuts
